 Dungeon Crawl Stone Soup version 0.21.0-3-g78d12a8 (webtiles) character file.

370 inmateoo the Poker (level 6, 0/56 HPs)
             Began as a Minotaur Fighter on Jan 17, 2018.
             Splashed by Ijyb's acid (12 damage)
             ... on level 4 of the Dungeon.
             The game lasted 00:03:21 (2696 turns).

inmateoo the Poker (Minotaur Fighter)               Turns: 2696, Time: 00:03:22

Health: 0/56       AC:  9    Str: 26    XL:     6   Next: 42%
Magic:  5/5        EV:  6    Int:  8    God:
Gold:   126        SH: 10    Dex: 10    Spells: 5/5 levels left

rFire    . . .     SeeInvis .   a - +0 trident
rCold    . . .     Gourm    +   b - +0 shield (curse)
rNeg     . . .     Faith    .   g - +0 chain mail
rPois    .         Spirit   .   (helmet restricted)
rElec    .         Reflect  .   (no cloak)
rCorr    .         Harm     .   p - +2 pair of gloves {archery}
MR       .....                  (no boots)
Stlth    ..........             h - amulet of the gourmand
HPRegen  0.18/turn              k - +4 ring of strength
MPRegen  0.09/turn              o - +3 ring of intelligence

@: corroded
A: retaliatory headbutt, horns 2
a: no special abilities


You were on level 4 of the Dungeon.
You were not hungry.

You visited 1 branch of the dungeon, and saw 4 of its levels.

You collected 126 gold pieces.

Inventory:

Hand Weapons
 a - a +0 trident (weapon)
Armour
 b - a cursed +0 shield (worn)
 g - a +0 chain mail (worn)
 p - a +2 pair of gloves of archery (worn)
Jewellery
 h - an amulet of the gourmand (around neck)
 k - a +4 ring of strength (left hand)
 o - a +3 ring of intelligence (right hand)
Scrolls
 c - a scroll of fear
 i - 2 scrolls of remove curse
 j - 2 scrolls of teleportation
Potions
 d - a potion of magic
 e - 5 potions of heal wounds {unknown}
 n - a potion of might
Comestibles
 f - 5 rations


   Skills:
 + Level 5.0 Fighting
 * Level 5.4 Polearms
 + Level 5.0 Armour
 + Level 0.9 Dodging
 + Level 5.0 Shields


You had 5 spell levels left.
You didn't know any spells.

Dungeon Overview and Level Annotations

Branches:
Dungeon (4/15)
 Temple: D:4-7

Altars:
Ashenzari

Annotations:
D:4 Ijyb; Vodalian's ghost, amateur MiBe


Innate Abilities, Weirdness & Mutations

You reflexively headbutt those who attack you in melee.
You have a pair of horns on your head.


Message History

The orc wizard closely misses you. You furiously retaliate!
You headbutt the orc wizard. You puncture the orc wizard!
You headbutt the orc wizard.
The orc wizard is severely wounded.
The orc wizard points at you and mumbles some strange words.
The magic dart hits you!
Ijyb zaps a wand.
The bolt of acid hits you!
You are splashed with acid!
The acid burns!
It is a wand of acid (9).
The orc wizard hits you but does no damage.
A scorpion comes into view.
Evoke which item? (* to show all) (? for menu, Esc to quit)
Okay, then.
Okay, then.
The orc hits you but does no damage.
The orc wizard points at you and mumbles some strange words.
The magic dart hits you!
* * * LOW HITPOINT WARNING * * *
Ijyb zaps a wand.
The bolt of acid hits you!
* * * LOW HITPOINT WARNING * * *
The acid corrodes you!
You are splashed with acid!
The acid burns!
You die...

.. ...# ...
...# ...##
...# ..#. #
...# #.%#
s#...+ #..
#....#
#.##g...#
#@.o...#
.........oo..#
.............#
.............#
######+#######


You could see Ijyb, 2 orc wizards and an orc.

Vanquished Creatures
  Sigmund (D:2)
  Jessica (D:2)
  Terence (D:2)
  Robin (D:1)
  6 adders
  An ooze (D:2)
  A worm (D:2)
  4 leopard geckos
  An orc (D:4)
  5 giant cockroaches
  13 goblins
  6 hobgoblins
  2 jackals (D:3)
  10 kobolds
  2 ball pythons (D:1)
  9 bats
  5 frilled lizards
  4 rats
73 creatures vanquished.

Notes
Turn   | Place    | Note
-------+----------+-------------------------------------------
     0 | D:1      | inmateoo the Minotaur Fighter began the quest for the Orb.
     0 | D:1      | Reached XP level 1. HP: 19/19 MP: 0/0
    59 | D:1      | Reached XP level 2. HP: 25/27 MP: 1/1
   495 | D:2      | Reached XP level 3. HP: 28/33 MP: 2/2
   513 | D:2      | Noticed Robin
   518 | D:2      | Noticed Sigmund
   795 | D:1      | Killed Robin
  1031 | D:2      | Killed Sigmund
  1031 | D:2      | Reached skill level 5 in Polearms
  1031 | D:2      | Reached XP level 4. HP: 41/41 MP: 3/3
  1031 | D:2      | Reached XP level 5. HP: 47/47 MP: 4/4
  1055 | D:2      | Noticed Terence
  1060 | D:2      | Killed Terence
  1181 | D:2      | Reached XP level 6. HP: 55/55 MP: 5/5
  1438 | D:2      | Noticed Jessica
  1441 | D:2      | Killed Jessica
  1783 | D:3      | Reached skill level 5 in Fighting
  1809 | D:3      | Found a shattered altar of Ashenzari.
  1819 | D:3      | Reached skill level 5 in Armour
  1942 | D:3      | Reached skill level 5 in Shields
  2432 | D:4      | Noticed Vodalian's ghost (amateur MiBe)
  2693 | D:4      | Noticed Ijyb
  2696 | D:4      | Splashed by Ijyb's acid

Skill      XL: |  1  2  3  4  5  6 |
---------------+-------------------+-----
Polearms       | 3 5 |  5.4
Fighting       | 4 5 |  5.0
Armour         | 4 5 |  5.0
Shields        | 4 5 |  5.0
Dodging        | |  0.9

Action                   |  1- 3 |  4- 6 || total
-------------------------+-------+-------++-------
Melee: Trident           |    97 |   106 ||   203
       Headbutt          |     9 |    10 ||    19
  Use: Scroll            |     2 |     5 ||     7
       Potion            |     1 |       ||     1
  Eat: Chunk             |     2 |     6 ||     8
Armor: Scale mail        |    44 |     3 ||    47
       Chain mail        |       |    35 ||    35
Dodge: Dodged            |    30 |    23 ||    53
Block: Shield            |    46 |    38 ||    84
